 Dungeon Crawl Stone Soup version 0.18-a0-1673-gaded821 (webtiles) character file.

709 Oddball22 the Insei (level 7, 0/56 HPs)
             Began as a Demonspawn Monk on Apr 1, 2016.
             Slain by an orc warrior
             ... wielding a +0 long sword
              (12 damage)
             ... on level 6 of the Dungeon.
             The game lasted 00:07:47 (5699 turns).

Oddball22 the Insei (Demonspawn Monk)               Turns: 5699, Time: 00:07:48

Health: 0/56       AC:  3    Str: 11      XL:     7   Next: 40%
Magic:  7/7        EV: 17    Int: 12      God:
Gold:   430        SH:  0    Dex: 16 (17) Spells: 0 memorised, 6 levels left

rFire  + . .     SeeInvis +       - Unarmed
rCold  . . .     Gourm    +     a - +0 robe
rNeg   . . .     Faith    .     (no shield)
rPois  .         Spirit   .     h - +0 helmet
rElec  .         Dismiss  .     (no cloak)
rCorr  .         Reflect  .     (no gloves)
SustAt .         Harm     .     (no boots)
MR     .....                    i - amulet of the gourmand
Stlth  ++++......               B - ring of see invisible
                                y - +1 ring of evasion

@: not resistant to hostile enchantments, stealthy
A: talons 1, repulsion field 1, fire resistance 1, nightstalker 2
a: no special abilities


You were on level 6 of the Dungeon.
You were completely stuffed.

You visited 1 branch of the dungeon, and saw 6 of its levels.

You collected 430 gold pieces.

Inventory:

Hand Weapons
 H - a +0 dagger of venom (quivered)
Armour
 a - a +0 robe (worn)
 h - a +0 helmet (worn)
Jewellery
 i - an amulet of the gourmand (around neck)
 w - an uncursed amulet of guardian spirit
 y - a +1 ring of evasion (left hand)
 B - a ring of see invisible (right hand)
Wands
 g - a wand of lightning (7/15)
 C - a wand of lightning (0/15)
Scrolls
 e - a scroll of fear {unknown}
 j - a scroll of immolation {unknown}
 l - 2 scrolls of noise {unknown}
 m - 6 scrolls of identify {unknown}
 n - 2 scrolls of teleportation {unknown}
 t - 3 scrolls of recharging {unknown}
 v - a scroll of amnesia {unknown}
 x - a scroll of enchant armour {unknown}
 z - a scroll of magic mapping {unknown}
 A - 7 scrolls of remove curse {unknown}
 D - a scroll of random uselessness {unknown}
 E - a scroll of enchant weapon {unknown}
 F - a scroll of blinking {unknown}
Potions
 o - a potion of heal wounds
 q - 3 potions of lignification {unknown}
 r - 5 potions of curing
 s - 2 potions of degeneration {unknown}
 G - a potion of haste {unknown}
Comestibles
 b - 3 bread rations
 d - 2 royal jellies
 f - 4 meat rations
 k - 7 fruits
 u - a beef jerky


   Skills:
 + Level 5.1 Fighting
 + Level 4.4 Dodging
 - Level 1.7 Stealth
 * Level 6.4 Unarmed Combat


You had 6 spell levels left.
You didn't know any spells.

Dungeon Overview and Level Annotations

Branches:
Dungeon (6/15)             Temple (0/1) D:6

Altars:
Ashenzari
Ru

Annotations:
D:6 Eustachio


Innate Abilities, Weirdness & Mutations

You have sharp toenails.
You are surrounded by a mild repulsion field (EV +2).
Your flesh is heat resistant.
You are significantly more attuned to the shadows.


Message History

The orc warrior is almost dead.
The bolt of lightning hits the iron imp.
The iron imp appears unharmed.
The bolt of lightning hits the orc priest.
The orc priest is heavily wounded.
Evoking this partially-identified wand wasted a few charges.
The quasit disappears in a puff of smoke!
The bat completely misses you.
The orc warrior hits you with a long sword.
* * * LOW HITPOINT WARNING * * *
Eustachio mumbles some strange words.
Eustachio blinks!
Evoke which item? (* to show all) (? for menu, Esc to quit)
Zapping:
C - a wand of lightning {zapped: 6} (will waste charges)
Press: ? - help, Shift-Dir - straight line, f - orc, p - orc priest
Aim: an orc, wielding a mace (moderately wounded) Nothing appears to happen.
The bat closely misses you. The bat hits you.
* * * LOW HITPOINT WARNING * * *
The orc warrior hits you with a long sword!
You die...

...##
##...>..
....#
#...###
....## #..##
.)...####.##
..........#
#........##
.#.......#
.........##
###
..######..#
##@# .##
##.#####bo#
.#####
#..##)b5##
.....#
##...§5o.#
.8.8.#
#..)..o.#
⌠.⌠...
#.......#
.>.8..
#........#
⌠.⌠...
#........#
.8.8..
.........#


You could see an orc warrior, an iron imp, an orc priest, a white imp, an orc
and 2 bats.

Vanquished Creatures
  An ice beast (D:5)
  A phantom (D:5)
  An ogre (D:5)
  A howler monkey (D:5)
  A crimson imp (D:4)
  A hound (D:4)
  2 orc wizards
  An iguana (D:6)
  A worker ant (D:4)
  3 gnolls (D:6)
  8 adders
  An adder skeleton (D:4)
  3 worms
  A dart slug (D:2)
  4 giant geckos
  17 orcs
  4 giant cockroaches
  7 goblins
  10 hobgoblins
  5 jackals
  5 quokkas
  2 ball pythons
  9 bats
  5 giant newts
  4 kobolds
  A quokka skeleton (D:5)
  8 rats
107 creatures vanquished.

Vanquished Creatures (others)
  An iguana (D:6)
1 creature vanquished.

Grand Total: 108 creatures vanquished

Notes
Turn   | Place    | Note
--------------------------------------------------------------
     0 | D:1      | Oddball22 the Demonspawn Monk began the quest for the Orb.
     0 | D:1      | Reached XP level 1. HP: 18/18 MP: 1/1
   331 | D:1      | Gained mutation: Your flesh is heat resistant. [demonic ancestry]
   331 | D:1      | Reached XP level 2. HP: 24/24 MP: 2/2
   638 | D:1      | Reached skill level 4 in Unarmed Combat
  1107 | D:2      | Gained mutation: You have sharp toenails. [demonic ancestry]
  1107 | D:2      | Reached XP level 3. HP: 28/29 MP: 3/3
  1611 | D:2      | Gained mutation: You are slightly more attuned to the shadows. [demonic ancestry]
  1611 | D:2      | Reached XP level 4. HP: 19/37 MP: 4/4
  2395 | D:3      | Found a shattered altar of Ashenzari.
  2423 | D:3      | Found a sacrificial altar of Ru.
  3083 | D:4      | Reached XP level 5. HP: 38/42 MP: 5/5
  3142 | D:4      | Reached skill level 5 in Unarmed Combat
  3551 | D:5      | Entered Level 5 of the Dungeon
  3589 | D:5      | Noticed an ogre
  3854 | D:5      | Killed an ogre
  3854 | D:5      | Gained mutation: You are significantly more attuned to the shadows. [demonic ancestry]
  3854 | D:5      | Reached XP level 6. HP: 47/49 MP: 6/6
  4315 | D:5      | Noticed an ice beast
  4339 | D:5      | Killed an ice beast
  4339 | D:5      | Reached skill level 5 in Fighting
  4339 | D:5      | Reached skill level 6 in Unarmed Combat
  4339 | D:5      | Gained mutation: You are surrounded by a mild repulsion field (EV +2). [demonic ancestry]
  4339 | D:5      | Reached XP level 7. HP: 8/56 MP: 0/7
  5423 | D:6      | Found a staircase to the Ecumenical Temple.
  5670 | D:6      | Noticed Eustachio
  5699 | D:6      | Slain by an orc warrior

Vault maps used:
D:1:      eino_arrival_druids_welcome, serial_bayou_pond_d, st_stairs_12,
          grunt_decor_arrowhead
D:3:      lemuel_doored_altar, ashenzari_altar_1
D:4:      first_bread
D:6:      grunt_temple_overflow_order_and_chaos_1,
          minmay_temple_entry_statues_fountains, serial_shops, shop,
          uniq_prince_ribbit1, uniq_eustachio

Skill      XL: |  1  2  3  4  5  6 |
---------------+-------------------+-----
Unarmed Combat | 4 5 6 |  6.4
Dodging        | 3 4 |  4.4
Fighting       | 4 5 |  5.1
Stealth        | |  1.7

Action                   |  1- 3 |  4- 6 |  7- 9 || total
-------------------------+-------+-------+-------++-------
Melee: Unarmed           |   111 |   253 |    94 ||   458
Evoke: Wand              |       |       |     2 ||     2
  Use: Potion            |       |     5 |     1 ||     6
 Stab: Sleeping          |     7 |    16 |     3 ||    26
       Distracted        |       |     1 |       ||     1
  Eat: Chunk             |     2 |     9 |    14 ||    25
